 Dungeon Crawl Stone Soup version bcrawl-1.19.1 (webtiles) character file.

Game seed: 3581304858678308648

3089 Revguard the Stinger (level 9, -12/70 HPs)
             Began as a Black Draconian Venom Mage on Nov 27, 2019.
             Was a Follower of Sif Muna.
             Mangled by a skeletal warrior
             ... wielding a +2 morningstar
             ... led by a skeletal warrior
              (19 damage)
             ... on level 8 of the Dungeon.
             The game lasted 00:32:29 (9936 turns).

Revguard the Stinger (Black Draconian Venom Mage)   Turns: 9936, Time: 00:32:30

Health: -12/70     AC:  9    Str: 11    XL:     9   Next: 59%
Magic:  10/17      EV: 14    Int: 15    God:    Sif Muna [*.....]
Gold:   551        SH:  0    Dex: 13    Spells: 2/18 levels left

rFire    + + .     SeeInvis .   r - staff of fire
rCold    + . .     Gourm    .   (no shield)
rNeg     . . .     Faith    .   (armour unavailable)
rPois    +         Spirit   .   (helmet restricted)
rElec    +         Reflect  .   a - +0 cloak
rCorr    +         Harm     .   c - +0 pair of gloves
MR       ++...                  (no boots)
Stlth    ++........             (no amulet)
HPRegen  0.21/turn              t - ring of protection from magic
MPRegen  0.15/turn              (no ring)

@: resistant, divine energy
A: breathe lightning, unfitting armour, stinger 2, dopey 1, magic resistance 1,
electricity resistance, cold-blooded, AC +7
a: Breathe Lightning, Stop Divine Energy, Renounce Religion


You were on level 8 of the Dungeon.
You worshipped Sif Muna.
Sif Muna was aware of your devotion.
You were not hungry.

You visited 1 branch of the dungeon, and saw 8 of its levels.

You collected 551 gold pieces.

Inventory:

Missiles
 g - 233 tomahawks of dispersal (quivered)
Armour
 a - a +0 cloak (worn)
 c - a +0 pair of gloves (worn)
Magical Staves
 r - an uncursed staff of fire (weapon)
Jewellery
 f - an uncursed amulet of faith
 t - a ring of protection from magic (left hand)
Wands
 u - a wand of polymorph (11)
Scrolls
 b - 3 scrolls of magic mapping
 h - 8 scrolls of identify
 i - a scroll of noise
 j - 3 scrolls of amnesia
 k - 2 scrolls of remove curse
 l - 4 scrolls of teleportation
 m - a scroll of enchant armour {unknown}
 q - a scroll of silence {unknown}
 s - 2 scrolls of immolation
Potions
 e - a potion of flight
 n - a potion of lignification
 p - a potion of cancellation
Comestibles
 d - 8 rations {!d}


   Skills:
 + Level 3.3 Fighting
   Level 0.1(2.1) Polearms
 + Level 3.5 Staves
 + Level 4.6 Dodging
 - Level 2.0 Stealth
 + Level 5.4 Spellcasting
 + Level 1.2 Conjurations
 + Level 2.7 Transmutations
 * Level 5.2 Fire Magic
 * Level 0.7 Ice Magic
 + Level 5.8 Air Magic
 * Level 6.8 Poison Magic
 + Level 0.5 Evocations


You had 2 spell levels left.
You knew the following spells:

 Your Spells              Type           Power        Failure   Level  Hunger
a - Sting                 Conj/Pois      ###.         3%          1    None
b - Poisonous Vapours     Pois/Air       ###...       1%          2    #......
c - Ignite Poison         Fire/Tmut/Pois ####....     6%          3    None
d - Olgreb's Toxic Radia  Pois           ###.....     10%         4    ####...
e - Freezing Cloud        Ice/Air        ##........   99%         6    #######

Your spell library contained the following spells:

 Spells                   Type           Power        Failure   Level  Hunger
 Freeze                   Ice            #.....       12%         1    None
 Summon Scorpions         Summ/Pois      ##......     36%         4    ####...
 Venom Bolt               Conj/Pois      ###.......   63%         5    ######.
 Throw Icicle             Conj/Ice       #.......     71%         4    ####...
 Summon Ice Beast         Ice/Summ       #.......     80%         4    ####...
 Metabolic Englaciation   Hex/Ice        #.........   98%         5    ######.


Dungeon Overview and Level Annotations

Branches:
Dungeon (8/12)             Temple (0/1) D:6
   Lair: D:7-9          Orc: D:8-11

Altars:
Ashenzari
Cheibriados
Dithmenos
Gozag
Kikubaaqudgha
Nemelex Xobeh
Okawaru
Ru
Sif Muna
Vehumet
Wu Jian
Zin

Annotations:
D:5 2 transporters, Mrkan's ghost, novice TrHu


Innate Abilities, Weirdness & Mutations

You can breathe wild blasts of lightning.
Your glossy black scales are hard. (AC +7)
You cannot fit into any form of body armour.
You are resistant to electric shocks. (rElec)
You are cold-blooded and may be slowed by cold attacks.
Your tail ends in a sharp poisonous barb.
You are dopey. (Int -2)
You are resistant to hostile enchantments. (MR+)


Message History

Casting: Ignite Poison (safe; 6% risk of failure)
Confirm with . or Enter, or press ? or * to list all spells.
You begin to radiate toxic energy.
The orc is poisoned.
The orc priest is poisoned.
The orc looks even sicker.
The orc priest looks even sicker.
Your toxic aura wanes.
You kill the orc!
Sif Muna accepts your kill.
Found a stone staircase leading down.
Casting: Olgreb's Toxic Radiance (safe; 10% risk of failure)
Confirm with . or Enter, or press ? or * to list all spells.
You feel a surge of power!
You ignite the poison in your surroundings!
The orc priest seems to burn from within!!
You kill the orc priest!
Sif Muna accepts your kill. The skeletal warrior misses you.
An orc comes into view. It is wielding a +0 war axe.
The skeletal warrior hits you with a +2 morningstar!!
You die...

##+## #........ .....
......[. #....##.#...#
#.....#.#...# ######
#.....#.#...######....##
#...........)...........
+>.....Z.[............#.
..#####z#...####......#.
#@##### #......#. #.#
#.#....#. #.# #.#....#.
..# #.#....## ..o
..#[..... #### ####(.#.#
.......#.#..
.#####.#.... #...#......


You could see a skeletal warrior, an orc and a centaur warrior skeleton.

Vanquished Creatures
  A skeletal warrior (D:8)
  A steam dragon (D:5)
  A wyvern (D:4)
  Menkaure (D:5)
  3 water moccasins
  2 sky beasts
  4 phantoms
  3 ogres
  A centaur (D:8)
  2 bullfrogs (D:7)
  A howler monkey (D:5)
  2 crimson imps
  2 orc priests
  A quasit (D:4)
  Crazy Yiuf (D:4)
  A hound (D:4)
  3 centaur skeletons
  2 orc wizards (D:5)
  Natasha (thrice) (D:3)
  5 worker ants
  2 hound skeletons
  2 worker ant zombies
  4 gnolls (D:2)
  A howler monkey skeleton (D:6)
  10 adders
  3 shadow imps
  An ooze (D:1)
  An adder zombie (D:5)
  An adder skeleton (D:7)
  2 worms
  2 leopard geckos
  12 orcs
  8 bats
  2 giant cockroaches
  7 goblins
  10 hobgoblins
  2 jackals (D:3)
  4 quokkas
  2 ball pythons
  2 frilled lizards
  A jackal zombie (D:7)
  6 kobolds
  A quokka skeleton (D:4)
  9 rats
135 creatures vanquished.

Notes
Turn   | Place    | Note
-------+----------+-------------------------------------------
     0 | D:1      | Revguard the Draconian Venom Mage began the quest for the
                  | Orb.
     0 | D:1      | Reached XP level 1. HP: 14/14 MP: 3/3
   237 | D:1      | Reached XP level 2. HP: 20/20 MP: 3/5
   241 | D:1      | Learned a level 2 spell: Poisonous Vapours
   974 | D:1      | Reached XP level 3. HP: 24/26 MP: 3/6
   979 | D:1      | Learned a level 3 spell: Ignite Poison
  1279 | D:2      | Found a shadowy altar of Dithmenos.
  1610 | D:2      | Reached skill level 1 in Air Magic
  1614 | D:2      | Found a shattered altar of Ashenzari.
  1925 | D:2      | Reached skill level 4 in Poison Magic
  1983 | D:2      | Found a sparkling altar of Nemelex Xobeh.
  2288 | D:2      | Found an ancient bone altar of Kikubaaqudgha.
  2356 | D:2      | Reached XP level 4. HP: 33/33 MP: 4/7
  2566 | D:2      | Reached skill level 1 in Transmutations
  2642 | D:2      | Found a snail-covered altar of Cheibriados.
  2724 | D:3      | Gained mutation: You are dopey. (Int -2) [potion of
                  | mutation]
  2724 | D:3      | Gained mutation: Your tail ends in a poisonous barb.
                  | [potion of mutation]
  2724 | D:3      | Gained mutation: You are resistant to hostile enchantments.
                  | (MR+) [potion of mutation]
  2724 | D:3      | Gained mutation: Your tail ends in a sharp poisonous barb.
                  | [potion of mutation]
  2841 | D:3      | Noticed an ogre
  2860 | D:3      | Killed an ogre
  2860 | D:3      | Reached skill level 1 in Fire Magic
  2860 | D:3      | Reached XP level 5. HP: 31/38 MP: 0/9
  2947 | D:3      | Noticed Natasha
  2952 | D:3      | Killed Natasha
  2983 | D:3      | Noticed Natasha
  2992 | D:3      | Killed Natasha
  3071 | D:3      | Noticed Natasha
  3073 | D:3      | Killed Natasha
  3073 | D:3      | Reached XP level 6. HP: 45/45 MP: 4/10
  3119 | D:3      | Found a sacrificial altar of Ru.
  3562 | D:4      | Noticed a sky beast
  3571 | D:4      | Killed a sky beast
  3910 | D:4      | Learned a level 4 spell: Olgreb's Toxic Radiance
  4084 | D:4      | Noticed a wyvern
  4095 | D:4      | Killed a wyvern
  4095 | D:4      | Your scales start taking on a glossy black colour.
  4095 | D:4      | Reached XP level 7. HP: 24/51 MP: 12/12
  4095 | D:4      | Gained mutation: You are resistant to electric shocks.
                  | (rElec) [Black Draconian growth]
  4569 | D:4      | Found a runed door.
  4573 | D:4      | Noticed Crazy Yiuf
  4577 | D:4      | Killed Crazy Yiuf
  4794 | D:4      | Reached skill level 1 in Fighting
  4794 | D:4      | Reached skill level 1 in Staves
  4964 | D:5      | Entered Level 5 of the Dungeon
  5042 | D:5      | Reached skill level 5 in Poison Magic
  5485 | D:5      | Reached XP level 8. HP: 31/59 MP: 14/14
  5618 | D:5      | Found a transporter.
  5625 | D:5      | Noticed Mrkan's ghost (novice TrHu)
  5636 | D:5      | Found an iron altar of Okawaru.
  6063 | D:5      | HP: 3/61 [phantom (6)]
  6067 | D:5      | Reached skill level 5 in Air Magic
  6373 | D:5      | Found a glowing silver altar of Zin.
  6504 | D:5      | Noticed Menkaure
  6507 | D:5      | Killed Menkaure
  6619 | D:5      | Found a transporter.
  7056 | D:6      | Found a shimmering blue altar of Sif Muna.
  7057 | D:6      | Found a radiant altar of Vehumet.
  7067 | D:6      | Became a worshipper of Sif Muna the Loreminder
  7381 | D:6      | Found a staircase to the Ecumenical Temple.
  7451 | D:6      | Found an ornate altar of the Wu Jian Council.
  8009 | D:7      | Reached XP level 9. HP: 68/68 MP: 8/16
  8203 | D:7      | Reached * piety under Sif Muna
  8203 | D:7      | Reached skill level 6 in Poison Magic
  8630 | D:7      | Reached skill level 5 in Spellcasting
  9098 | D:8      | Noticed a skeletal warrior
  9112 | D:8      | HP: 3/68 [skeletal warrior/+0 trident (13)]
  9113 | D:8      | Killed a skeletal warrior
  9113 | D:8      | Identified Sif Muna's Disquisition on the Toxic Glacier
                  | (Sif Muna gifted it to you on level 8 of the Dungeon)
  9113 | D:8      | Received a gift from Sif Muna
  9113 | D:8      | Reached skill level 5 in Fire Magic
  9130 | D:7      | Learned a level 6 spell: Freezing Cloud
  9423 | D:8      | Found an opulent altar of Gozag.
  9493 | D:8      | Noticed a two-headed ogre
  9496 | D:8      | Noticed a skeletal warrior
  9903 | D:8      | Noticed a skeletal warrior
  9936 | D:8      | Mangled by a skeletal warrior

Skill      XL: |  1  2  3  4  5  6  7  8  9 |
---------------+----------------------------+-----
Dodging        | 2 3 4 |  4.6
Air Magic      | 1 2 3 4 5 |  5.8
Poison Magic   | 4 5 6 |  6.8
Transmutations | 1 2 |  2.7
Fire Magic     | 1 2 3 4 5 |  5.2
Spellcasting   | 3 4 5 |  5.4
Fighting       | 1 2 3 |  3.3
Staves         | 1 2 3 |  3.5
Polearms       | |  0.1
Stealth        | |  2.0
Conjurations   | |  1.2
Ice Magic      | |  0.7
Evocations     | |  0.5

Action                   |  1- 3 |  4- 6 |  7- 9 || total
-------------------------+-------+-------+-------++-------
Melee: Unarmed           |    66 |     4 |       ||    70
       Tailslap          |     7 |     8 |    31 ||    46
       Halberd           |       |    27 |       ||    27
       Staff             |       |   109 |   315 ||   424
Throw: Tomahawk          |       |     4 |     8 ||    12
 Cast: Sting             |    23 |    11 |     4 ||    38
       Poisonous Vapours |    39 |    31 |    67 ||   137
       Ignite Poison     |     1 |     8 |    31 ||    40
       Olgreb's Toxic Ra |       |       |     3 ||     3
Invok: Divine Energy     |       |       |     1 ||     1
 Abil: Breathe Lightning |       |       |    13 ||    13
Evoke: Wand              |       |     1 |     8 ||     9
  Use: Scroll            |       |     7 |     4 ||    11
       Potion            |       |     2 |     7 ||     9
 Stab: Sleeping          |       |       |     1 ||     1
  Eat: Chunk             |     4 |     9 |    10 ||    23
       Ration            |     1 |       |     4 ||     5
Armor: Skin              |    34 |   114 |   133 ||   281
Dodge: Dodged            |    72 |   181 |   236 ||   489
